 Dungeon Crawl Stone Soup version 0.23.2-33-g5129a83184 (webtiles) character file.

Game seed: 7653916014331557029

259 doot the Magician (level 5, 0/28 HPs)
             Began as a Deep Elf Wizard on July 17, 2019.
             Was an Initiate of Sif Muna.
             Slain by Grinder (2 damage)
             ... while paralysed by Grinder
             ... on level 3 of the Dungeon.
             The game lasted 00:11:13 (3593 turns).

doot the Magician (Deep Elf Wizard)                 Turns: 3593, Time: 00:11:14

Health: 0/28       AC:  3    Str:  4    XL:     5   Next: 94%
Magic:  10/16      EV:  2    Int: 24    God:    Sif Muna [......]
Gold:   201        SH:  0    Dex: 13    Spells: 7/18 levels left

rFire    . . .     SeeInvis .   r - +2 quarterstaff (chaos)
rCold    . . .     Gourm    .   (shield currently unavailable)
rNeg     . . .     Faith    .   a - +0 robe
rPois    .         Spirit   .   b - +0 hat
rElec    .         Reflect  .   t - +0 cloak
rCorr    .         Harm     .   (no gloves)
MR       .....                  (no boots)
Stlth    +++.......             (no amulet)
HPRegen  0.09/turn              i - ring of stealth
MPRegen  0.15/turn              (no ring)

@: paralysed
A: no striking features
a: Renounce Religion


You were on level 3 of the Dungeon.
You worshipped Sif Muna.
Sif Muna was noncommittal.
You were not hungry.

You visited 1 branch of the dungeon, and saw 4 of its levels.

You collected 201 gold pieces.

Inventory:

Hand Weapons
 r - a +2 quarterstaff of chaos (weapon)
Armour
 a - a +0 robe (worn)
 b - a +0 hat (worn)
 t - a +0 cloak (worn)
Jewellery
 i - a ring of stealth (left hand)
Wands
 n - a wand of polymorph (9)
Scrolls
 c - 3 scrolls of teleportation {unknown}
 h - a scroll of noise {unknown}
 l - 5 scrolls of identify {unknown}
 m - 3 scrolls of remove curse {unknown}
 o - 3 scrolls of enchant armour {unknown}
 p - 2 scrolls of fog {unknown}
 s - a scroll of fear {unknown}
 w - a scroll of magic mapping {unknown}
 x - a scroll of enchant weapon {unknown}
Potions
 e - 2 potions of curing {unknown}
 f - 2 potions of haste {unknown}
 g - a potion of lignification {unknown}
 j - 3 potions of mutation {unknown}
 k - a potion of resistance {unknown}
 q - a potion of heal wounds {unknown}
 u - a potion of flight {unknown}
 z - a potion of cancellation {unknown}
 A - a potion of invisibility {unknown}
Comestibles
 d - 6 rations


   Skills:
 + Level 0.2 Fighting
 + Level 3.0 Dodging
 + Level 3.1 Stealth
 * Level 7.3 Spellcasting
 + Level 3.0 Conjurations
 + Level 1.1 Summonings
 + Level 1.1 Translocations
 + Level 0.2 Air Magic
 + Level 1.5 Poison Magic


You had 7 spell levels left.
You knew the following spells:

 Your Spells              Type           Power        Failure   Level  Hunger
a - Magic Dart            Conj           ###.         1%          1    None
b - Blink                 Tloc           N/A          7%          2    None
c - Call Imp              Summ           ##......     7%          2    None
d - Conjure Flame         Conj/Fire      ###.....     11%         3    None
e - Mephitic Cloud        Conj/Pois/Air  ###.....     11%         3    None

Your spell library contained the following spells:

 Spells                   Type           Power        Failure   Level  Hunger
 Slow                     Hex            #.......     11%         2    None


Dungeon Overview and Level Annotations

Branches:
Dungeon (4/15)
 Temple: D:4-7

Altars:
Dithmenos
Gozag
Nemelex Xobeh
Sif Muna

Annotations:
D:3 Grinder


Message History

The hound is engulfed in blazing flames.
You kill the hound!
Sif Muna accepts your kill.
Your Stealth skill increases to level 3!
Unknown command.
Grinder shouts!
Grinder gestures at you.
You struggle to resist.
Grinder hits you.
Unknown command.
Grinder gestures at you.
You struggle to resist.
Grinder gestures at you.
You suddenly lose the ability to move!
Grinder hits you!
You writhe in agony.
* * * LOW HITPOINT WARNING * * *
Grinder hits you.
* * * LOW HITPOINT WARNING * * *
You writhe in agony.
You die...

.# #.#.# ##...##
#.##.###.# .####.#.#
##'## #........#
........# #.#
####.##### #####.###
#.######## #.# #.#
##.>....<.# #.# #.#
##...#####.# #.# #.#
#....#...#.####.#
#.#
##..5.###.......#
#.##### ##.@.#
#..######
#.>...######..###..#
#####.[†...........#
################


You could see Grinder.

Vanquished Creatures
  A hound (D:3)
  Crazy Yiuf (D:2)
  An orc wizard (D:2)
  A worker ant (D:4)
  6 adders
  2 oozes (D:2)
  An adder skeleton (D:2)
  An adder zombie (D:2)
  A worm (D:2)
  A dart slug (D:1)
  2 leopard geckos
  10 orcs
  6 giant cockroaches
  3 goblins
  3 hobgoblins (D:1)
  5 jackals
  6 kobolds
  2 quokkas
  2 ball pythons (D:3)
  7 bats
  A frilled lizard (D:2)
  A leopard gecko skeleton (D:2)
  6 rats
70 creatures vanquished.

Notes
Turn   | Place    | Note
-------+----------+-------------------------------------------
     0 | D:1      | doot the Deep Elf Wizard began the quest for the Orb.
     0 | D:1      | Reached XP level 1. HP: 10/10 MP: 7/7
   169 | D:1      | Reached XP level 2. HP: 15/15 MP: 1/9
   173 | D:1      | Learned a level 2 spell: Blink
   176 | D:1      | Learned a level 2 spell: Call Imp
   243 | D:1      | Reached skill level 5 in Spellcasting
   983 | D:2      | Found a shadowy altar of Dithmenos.
   991 | D:2      | Reached XP level 3. HP: 19/19 MP: 2/12
   999 | D:2      | Learned a level 3 spell: Conjure Flame
  1003 | D:2      | Learned a level 3 spell: Mephitic Cloud
  1411 | D:2      | Reached skill level 6 in Spellcasting
  1745 | D:2      | Reached XP level 4. HP: 14/24 MP: 7/14
  1875 | D:2      | Found a deep blue altar of Sif Muna.
  1885 | D:2      | Became a worshipper of Sif Muna the Loreminder
  1978 | D:2      | Found a sparkling altar of Nemelex Xobeh.
  1994 | D:2      | Found an opulent altar of Gozag.
  2271 | D:2      | Found a runed translucent door.
  2272 | D:2      | Noticed Crazy Yiuf
  2420 | D:2      | Killed Crazy Yiuf
  2420 | D:2      | Reached XP level 5. HP: 28/28 MP: 3/16
  3127 | D:3      | Reached skill level 7 in Spellcasting
  3255 | D:3      | Noticed Grinder
  3331 | D:4      | Reached skill level 1 in Poison Magic
  3589 | D:3      | Paralysed by Grinder for 7 turns
  3593 | D:3      | Slain by Grinder

Skill      XL: |  1  2  3  4  5 |
---------------+----------------+-----
Spellcasting   | 5 6 7 |  7.3
Conjurations   | 2 3 |  3.0
Dodging        | 3 |  3.0
Poison Magic   | 1 |  1.5
Stealth        | 3 |  3.1
Fighting       | |  0.2
Summonings     | |  1.1
Translocations | |  1.1
Air Magic      | |  0.2

Action                   |  1- 3 |  4- 6 || total
-------------------------+-------+-------++-------
Melee: Unarmed           |     1 |       ||     1
       Quarterstaff      |       |     8 ||     8
 Cast: Magic Dart        |   115 |    75 ||   190
       Mephitic Cloud    |     5 |     4 ||     9
       Conjure Flame     |     1 |     7 ||     8
       Blink             |       |     1 ||     1
 Stab: Confused          |       |     2 ||     2
       Sleeping          |       |     2 ||     2
  Eat: Chunk             |     2 |     6 ||     8
Armor: Robe              |     5 |     2 ||     7
Dodge: Dodged            |    13 |    11 ||    24
